 Dungeon Crawl Stone Soup version 0.28.0 (webtiles) character file.

Game seed: 17865589018503737051

177 willcat the Sneak (level 5, -6/32 HPs)
             Began as a Kobold Delver on Feb 5, 2022.
             Mangled by an ogre (31 damage)
             ... on level 5 of the Dungeon.
             The game lasted 00:01:50 (1121 turns).

willcat the Sneak (Kobold Delver)                   Turns: 1121, Time: 00:01:51

Health: -6/32      AC:  4    Str:  9    XL:     5   Next: 87%
Magic:  5/5        EV: 16    Int: 11    God:
Gold:   10         SH:  0    Dex: 19    Spells: 4/4 levels left

rFire   . . .      SeeInvis .   a - +0 short sword
rCold   . . .      Faith    .   (no shield)
rNeg    . . .      Spirit   .   b - +0 leather armour
rPois   .          Reflect  .   (no helmet)
rElec   .          Harm     .   (no cloak)
rCorr   .          Rampage  .   (no gloves)
Will    .....                   j - +0 pair of boots
Stlth   +++++.....              (no amulet)
HPRegen 0.10/turn               (no ring)
MPRegen 0.09/turn               (no ring)

@: no status effects
A: small, no large weapons, nightstalker 3
a: no special abilities


You were on level 5 of the Dungeon.
You visited 1 branch of the dungeon, and saw 2 of its levels.

You collected 10 gold pieces.

Inventory:

Hand Weapons
 a - a +0 short sword (weapon)
Armour
 b - a +0 leather armour (worn)
 j - a +0 pair of boots (worn)
Wands
 g - a wand of digging (3)
Scrolls
 c - a scroll of fog
 d - 2 scrolls of magic mapping
 e - a scroll of fear
 h - a scroll of immolation {unknown}
 i - a scroll of teleportation {unknown}
Potions
 k - a potion of lignification {unknown}


   Skills:
 - Level 3.2 Fighting
 + Level 4.8 Short Blades
 + Level 4.3 Dodging
 + Level 7.9 Stealth


You had 4 spell levels left.
You didn't know any spells.
Your spell library was empty.

Dungeon Overview and Level Annotations

Branches:
Dungeon (5/15)
 Temple: D:4-7

Altars:


Innate Abilities, Weirdness & Mutations

You are small and have problems with some larger weapons.
You are completely attuned to the shadows.


Message History

You feel yourself slow down.
You start resting.
A dart slug is nearby!
There is a stone staircase leading down here.
A dart slug is nearby!
You hit the dart slug but do no damage. You hit the dart slug but do no damage.
The dart slug launches a dart at you. The slug dart misses you.
You hit the dart slug.
The dart slug is heavily wounded.
The dart slug bites you but does no damage.
You hit the dart slug.
The dart slug is almost dead.
You hit the dart slug.
You kill the dart slug!
You see here a dart slug corpse.
You start resting.
A ball python is nearby!
The ball python hisses angrily.
You see here a dart slug corpse.
The ball python bites you but does no damage.
The ball python closely misses you.
You closely miss the ball python. The ball python closely misses you. x2
You closely miss the ball python. The ball python misses you.
The ball python grabs you. The ball python constricts you.
You barely miss the ball python. The ball python bites you.
The ball python constricts you.
You hit the ball python.
You kill the ball python!
You see here a ball python corpse.
Your library has no spells.
Unknown command.
You start resting.
A phantom is nearby!
There is a stone staircase leading down here.
You climb downwards.
The ogre hits you with a +0 giant club!!
Ouch! That really hurt!
You die...

..... ##...#
.....#
..#.......#
#...#.#...# .
#..#.....####
#.#..###.#....#
.....@....###.#
..##O###....# #
......#...#.#
.####.#..##.#
#.O..## #
#.....# #....##
#....###
#.......


You could see an ogre.

Vanquished Creatures
  A necrophage (D:5)
  A hound (D:4)
  An adder (D:4)
  3 gnolls (D:4)
  An ufetubus (D:4)
  An adder skeleton (D:4)
  A dart slug (D:4)
  An orc (D:4)
  A giant cockroach (D:4)
  2 goblins (D:4)
  A ball python (D:4)
  A kobold (D:4)
15 creatures vanquished.

Notes
Turn   | Place    | Note
-------+----------+-------------------------------------------
     0 | D:5      | willcat the Kobold Delver began the quest for the Orb.
     0 | D:5      | Reached XP level 1. HP: 14/14 MP: 1/1
     5 | D:5      | Noticed a necrophage
    13 | D:5      | Killed a necrophage
    14 | D:5      | Reached skill level 7 in Stealth
    14 | D:5      | Reached XP level 2. HP: 6/19 MP: 2/2
    14 | D:5      | Reached XP level 3. HP: 7/23 MP: 3/3
    14 | D:5      | Reached XP level 4. HP: 9/28 MP: 4/4
   229 | D:5      | Noticed an ogre
   453 | D:4      | Reached XP level 5. HP: 32/32 MP: 5/5
   799 | D:4      | Noticed a phantom
  1121 | D:5      | Mangled by an ogre

Illustrated notes

Levels and vault maps discovered:
D:4:      layout_basic
D:5:      layout_basic, serial_corexii_hall, chequers_hall_statues_y,
          corexii_hall_statues_x, minmay_manual_moon

Skill      XL: |  1  2  3  4  5 |
---------------+----------------+-----
Short Blades   | 4 |  4.8
Dodging        | 3 4 |  4.3
Stealth        | 7 |  7.9
Fighting       | |  3.2

Action                   |  1- 3 |  4- 6 || total
-------------------------+-------+-------++-------
Melee: Short sword       |     5 |    67 ||    72
  Use: Potion            |       |     1 ||     1
 Stab: Sleeping          |     1 |     6 ||     7
Armor: Leather armour    |     1 |    16 ||    17
Dodge: Dodged            |     2 |    55 ||    57
